| TOP OF THE 1ST |
|
Burlington Royals batting - Pitching for Bluefield Blue Jays : LHP Jack Osborne
|
|
Pitching: LHP Jack Osborne
|
|
|
Batting: RHB Shura Mogilny
|
0-0: Ball 1-0: Swinging Strike 1-1: Ball 2-1: Swinging Strike 2-2: Ball 3-2: Base on Balls
|
|
Batting: RHB Tim Williams
|
0-0: Ball Shura Mogilny steals 2nd base (no throw) 1-0: Ball 2-0: Ball 3-0: Base on Balls
|
|
Batting: RHB Hugo Chavez
|
0-0: Hit by Pitch Shura Mogilny to third Tim Williams to second
|
|
Batting: SHB Alex Cavazos
|
0-0: Ball 1-0: Ball 2-0: Called Strike 2-1: Ball 3-1: Base on Balls Shura Mogilny scores Tim Williams to third Hugo Chavez to second
|
|
Batting: LHB Jayden Pelayo
|
0-0: Ball 1-0: Swinging Strike 1-1: Swinging Strike 1-2: Ball 2-2: Strikes out swinging
|
|
Batting: RHB Masakuni Takeuchi
|
0-0: Called Strike 0-1: Ball 1-1: Grounds into double play, 6-4-3 (Groundball, 6, EV 87.5 MPH)
|
| Top of the 1st over - 1 run, 0 hits, 0 errors, 2 left on base; Burlington 1 - Bluefield 0 |
| BOTTOM OF THE 1ST |
|
Bluefield Blue Jays batting - Pitching for Burlington Royals : RHP Paul Gibbens
|
|
Pitching: RHP Paul Gibbens
|
|
|
Batting: RHB Jake Bronner
|
0-0: Foul Ball, location: 2F 0-1: Foul Ball, location: 2F 0-2: Ball 1-2: Ball 2-2: SINGLE (Groundball, 56D, EV 101.9 MPH)
|
|
Batting: RHB Akira Kubo
|
0-0: Called Strike 0-1: Ground out U3 (Groundball, 23, EV 94.4 MPH) Jake Bronner to second
|
|
Batting: RHB Terry Plumley
|
0-0: Fly out, F9 (Flyball, 9D, EV 79.4 MPH) Runner from 2nd tags up, SAFE at 3rd, no throw by RF
|
|
Batting: RHB John Rios
|
0-0: Foul Ball, location: 2F 0-1: Ball 1-1: Foul Ball, location: 2F 1-2: SINGLE (Groundball, 6MD, EV 106.9 MPH) Jake Bronner scores
|
|
Batting: LHB Nate Greening
|
0-0: Ground out 4-3 (Groundball, 4, EV 87.5 MPH)
|
| Bottom of the 1st over - 1 run, 2 hits, 0 errors, 1 left on base; Burlington 1 - Bluefield 1 |
| TOP OF THE 2ND |
|
Burlington Royals batting - Pitching for Bluefield Blue Jays : LHP Jack Osborne
|
|
Batting: RHB Jason Conner
|
0-0: Foul Ball, location: 2F 0-1: Ball 1-1: Ball 2-1: Called Strike 2-2: Foul Ball, location: 2F 2-2: Ground out 3-1 (Groundball, 34S, EV 86.9 MPH)
|
|
Batting: RHB Juan Nieves
|
0-0: Ball 1-0: Ball 2-0: Ball 3-0: Called Strike 3-1: Ground out 5-3 (Groundball, 56S, EV 69.4 MPH)
|
|
Batting: RHB Dermott Ayliffe
|
0-0: Ball 1-0: Ball 2-0: Ball 3-0: Base on Balls
|
|
Batting: RHB Shura Mogilny
|
0-0: Ball 1-0: Called Strike 1-1: Ball 2-1: Ball 3-1: Foul Ball, location: 2F 3-2: Foul Ball, location: 2F 3-2: Base on Balls Dermott Ayliffe to second
|
|
Batting: RHB Tim Williams
|
0-0: Called Strike 0-1: Swinging Strike 0-2: Strikes out swinging
|
| Top of the 2nd over - 0 runs, 0 hits, 0 errors, 2 left on base; Burlington 1 - Bluefield 1 |
| BOTTOM OF THE 2ND |
|
Bluefield Blue Jays batting - Pitching for Burlington Royals : RHP Paul Gibbens
|
|
Batting: LHB Lothar Middelkoop
|
0-0: DOUBLE (Groundball, 3L, EV 106.9 MPH)
|
|
Batting: RHB Jorge Cruz
|
0-0: 2-RUN HOME RUN (Flyball, 7LD, EV 95.0 MPH), Distance : 348 ft
|
|
Batting: RHB Manny Elizondo
|
0-0: Ball 1-0: Ball 2-0: SOLO HOME RUN (Flyball, 9D, EV 99.4 MPH), Distance : 371 ft
|
|
Batting: RHB Jorge Alva
|
0-0: Ground out 5-3 (Groundball, 5S, EV 91.2 MPH)
|
|
Pitching: RHP Joey Ferguson
|
|
|
Batting: RHB Jake Bronner
|
0-0: Ball 1-0: Ball 2-0: SOLO HOME RUN (Flyball, 7LD, EV 96.9 MPH), Distance : 347 ft
|
|
Batting: RHB Akira Kubo
|
0-0: Called Strike 0-1: Ball 1-1: SOLO HOME RUN (Flyball, 7D, EV 96.9 MPH), Distance : 375 ft
|
|
Batting: RHB Terry Plumley
|
0-0: Ball 1-0: SINGLE (Groundball, 56S, EV 71.2 MPH) (infield hit)
|
|
Batting: RHB John Rios
|
0-0: Ball 1-0: Called Strike 1-1: Reached on error, E5 (Groundball, 56, EV 92.5 MPH) Terry Plumley to second
|
|
Batting: LHB Nate Greening
|
0-0: Swinging Strike 0-1: Foul Ball, location: 2F 0-2: Strikes out swinging
|
|
Batting: LHB Lothar Middelkoop
|
0-0: Fly out, F7 (Line Drive, 7, EV 91.9 MPH)
|
| Bottom of the 2nd over - 5 runs, 6 hits, 1 error, 2 left on base; Burlington 1 - Bluefield 6 |
| TOP OF THE 3RD |
|
Burlington Royals batting - Pitching for Bluefield Blue Jays : LHP Jack Osborne
|
|
Batting: RHB Hugo Chavez
|
0-0: Swinging Strike 0-1: Swinging Strike 0-2: Foul Ball, location: 2F 0-2: Hit by Pitch
|
|
Batting: SHB Alex Cavazos
|
0-0: Called Strike 0-1: Ball Wild Pitch! Hugo Chavez to second 1-1: Ground out U3 (Groundball, 34S, EV 90.6 MPH) Hugo Chavez to third
|
|
Batting: LHB Jayden Pelayo
|
0-0: Called Strike 0-1: Ball 1-1: SINGLE (Line Drive, 6M, EV 97.5 MPH) Hugo Chavez scores
|
|
Batting: RHB Masakuni Takeuchi
|
0-0: Called Strike 0-1: Ball 1-1: Ball 2-1: Ball 3-1: Foul Ball, location: 2F 3-2: Strikes out swinging
|
|
Batting: RHB Jason Conner
|
0-0: Fly out, F8 (Flyball, 8RD, EV 94.4 MPH)
|
| Top of the 3rd over - 1 run, 1 hit, 0 errors, 1 left on base; Burlington 2 - Bluefield 6 |
| BOTTOM OF THE 3RD |
|
Bluefield Blue Jays batting - Pitching for Burlington Royals : RHP Joey Ferguson
|
|
Batting: RHB Jorge Cruz
|
0-0: Ball 1-0: Ball 2-0: Called Strike 2-1: SINGLE (Flyball, 8LS, EV 89.4 MPH)
|
|
Batting: RHB Manny Elizondo
|
0-0: Ball 1-0: Ball 2-0: Ball 3-0: Called Strike 3-1: Base on Balls Jorge Cruz to second
|
|
Batting: RHB Jorge Alva
|
0-0: DOUBLE (Groundball, 5L, EV 104.4 MPH) Jorge Cruz scores Manny Elizondo to third
|
|
Pitching: RHP Obiniana Gaters
|
|
|
Batting: RHB Jake Bronner
|
0-0: Ball 1-0: Called Strike 1-1: Ball 2-1: Foul Ball, location: 2F 2-2: Foul Ball, location: 2F 2-2: Ground out 6-3 (Groundball, 6, EV 88.1 MPH) Manny Elizondo scores Jorge Alva to third
|
|
Batting: RHB Akira Kubo
|
0-0: Ball 1-0: Fly out, F7 (Flyball, 7D, EV 99.4 MPH) Runner from 3rd tags up, SCORES, no throw by LF
|
|
Batting: RHB Terry Plumley
|
0-0: Ball 1-0: Called Strike 1-1: Ball 2-1: Ball 3-1: SOLO HOME RUN (Flyball, 78XD, EV 110.0 MPH), Distance : 416 ft
|
|
Batting: RHB John Rios
|
0-0: Called Strike 0-1: Ball 1-1: Foul Ball, location: 2F 1-2: DOUBLE (Line Drive, 9LM, EV 109.4 MPH)
|
|
Batting: LHB Nate Greening
|
0-0: Foul Ball, location: 2F 0-1: Ball 1-1: Swinging Strike 1-2: Ball 2-2: Ground out 1-3 (Groundball, 15S, EV 75.6 MPH)
|
| Bottom of the 3rd over - 4 runs, 4 hits, 0 errors, 1 left on base; Burlington 2 - Bluefield 10 |
| TOP OF THE 4TH |
|
Burlington Royals batting - Pitching for Bluefield Blue Jays : LHP Jack Osborne
|
|
Batting: RHB Juan Nieves
|
0-0: Swinging Strike 0-1: Ball 1-1: Swinging Strike 1-2: Foul Ball, location: 2F 1-2: Ball 2-2: Ball 3-2: Ground out 5-3 (Groundball, 5, EV 85.6 MPH)
|
|
Batting: RHB Dermott Ayliffe
|
0-0: Called Strike 0-1: Foul Ball, location: 2F 0-2: Strikes out looking and he ARGUES THE CALL AND IS TOSSED!
|
|
Batting: RHB Shura Mogilny
|
0-0: Called Strike 0-1: Swinging Strike 0-2: Ball 1-2: Ball 2-2: Strikes out looking
|
| Top of the 4th over - 0 runs, 0 hits, 0 errors, 0 left on base; Burlington 2 - Bluefield 10 |
| BOTTOM OF THE 4TH |
|
Bluefield Blue Jays batting - Pitching for Burlington Royals : RHP Obiniana Gaters
|
|
Now at C: David Rubio
|
|
|
Batting: LHB Lothar Middelkoop
|
0-0: Fly out, F7 (Flyball, 7S, EV 90.6 MPH)
|
|
Batting: RHB Jorge Cruz
|
0-0: Foul Ball, location: 2F 0-1: Ball 1-1: DOUBLE (Line Drive, 89M, EV 103.8 MPH)
|
|
Batting: RHB Manny Elizondo
|
0-0: Fly out, F8 (Flyball, 8RS, EV 89.4 MPH)
|
|
Pinch Hitting: RHB Mike Johnson
|
0-0: Ball 1-0: Ball 2-0: Ball 3-0: Called Strike 3-1: Called Strike 3-2: Base on Balls
|
|
Batting: RHB Jake Bronner
|
0-0: Foul Ball, location: 2F 0-1: Ball 1-1: Fly out, F9 (Flyball, 9D, EV 88.8 MPH)
|
| Bottom of the 4th over - 0 runs, 1 hit, 0 errors, 2 left on base; Burlington 2 - Bluefield 10 |
| TOP OF THE 5TH |
|
Burlington Royals batting - Pitching for Bluefield Blue Jays : LHP Jack Osborne
|
|
Now in LF: Mike Johnson
|
|
|
Batting: RHB Tim Williams
|
0-0: Called Strike 0-1: Ball 1-1: Foul Ball, location: 2F 1-2: Ball 2-2: Foul Ball, location: 2F 2-2: Foul Ball, location: 2F 2-2: Strikes out looking
|
|
Batting: RHB Hugo Chavez
|
0-0: Fly out, F9 (Flyball, 89S, EV 91.2 MPH)
|
|
Batting: SHB Alex Cavazos
|
0-0: Ball 1-0: Foul Ball, location: 2F 1-1: Called Strike 1-2: Foul Ball, location: 2F 1-2: Ball 2-2: Ball 3-2: Fly out, F7 (Flyball, 7D, EV 100.0 MPH)
|
| Top of the 5th over - 0 runs, 0 hits, 0 errors, 0 left on base; Burlington 2 - Bluefield 10 |
| BOTTOM OF THE 5TH |
|
Bluefield Blue Jays batting - Pitching for Burlington Royals : RHP Obiniana Gaters
|
|
Batting: RHB Akira Kubo
|
0-0: Reached on error, E4 (Groundball, 4, EV 81.2 MPH)
|
|
Batting: RHB Terry Plumley
|
0-0: Called Strike 0-1: Ball 1-1: Swinging Strike 1-2: Ball 2-2: SINGLE (Groundball, 6MD, EV 98.1 MPH) Akira Kubo to third
|
|
Pitching: RHP Brett Essary
|
|
|
Batting: RHB John Rios
|
0-0: Called Strike 0-1: Ball 1-1: Foul Ball, location: 2F 1-2: Ball 2-2: Foul Ball, location: 2F 2-2: Foul Ball, location: 2F 2-2: Foul Ball, location: 2F 2-2: Strikes out swinging
|
|
Batting: LHB Nate Greening
|
0-0: Ball 1-0: Ball 2-0: Ball 3-0: Called Strike 3-1: Swinging Strike 3-2: Strikes out swinging
|
|
Batting: LHB Lothar Middelkoop
|
0-0: Ball 1-0: Ball 2-0: Ball 3-0: Called Strike 3-1: Called Strike 3-2: Foul Ball, location: 2F 3-2: Foul Ball, location: 2F 3-2: 3-RUN HOME RUN (Flyball, 89XD, EV 106.2 MPH), Distance : 414 ft
|
|
Batting: RHB Jorge Cruz
|
0-0: Foul Ball, location: 2F 0-1: Ball 1-1: Called Strike 1-2: Strikes out swinging
|
| Bottom of the 5th over - 3 runs, 2 hits, 1 error, 0 left on base; Burlington 2 - Bluefield 13 |
| TOP OF THE 6TH |
|
Burlington Royals batting - Pitching for Bluefield Blue Jays : LHP Jack Osborne
|
|
Batting: LHB Jayden Pelayo
|
0-0: Ball 1-0: Called Strike 1-1: Foul Ball, location: 2F 1-2: Ball 2-2: Ball 3-2: Base on Balls
|
|
Pitching: RHP Gil Brady
|
|
|
Batting: RHB Masakuni Takeuchi
|
0-0: Ball 1-0: Ball 2-0: Called Strike 2-1: Swinging Strike 2-2: Foul Ball, location: 2F 2-2: Strikes out swinging
|
|
Batting: RHB Jason Conner
|
0-0: Called Strike 0-1: Called Strike 0-2: Foul Ball, location: 2F 0-2: Ball 1-2: Grounds into double play, 5-4-3 (Groundball, 56, EV 98.8 MPH)
|
| Top of the 6th over - 0 runs, 0 hits, 0 errors, 0 left on base; Burlington 2 - Bluefield 13 |
| BOTTOM OF THE 6TH |
|
Bluefield Blue Jays batting - Pitching for Burlington Royals : RHP Brett Essary
|
|
Batting: RHB Manny Elizondo
|
0-0: Called Strike 0-1: Swinging Strike 0-2: Strikes out looking
|
|
Pitching: RHP Chance Griffin
|
|
|
Batting: RHB Mike Johnson
|
0-0: Ball 1-0: Called Strike 1-1: Swinging Strike 1-2: SINGLE (Groundball, 25, EV 74.4 MPH) (infield hit)
|
|
Batting: RHB Jake Bronner
|
0-0: Called Strike 0-1: Foul Ball, location: 2F 0-2: Foul Ball, location: 2F 0-2: Ball 1-2: Ball Wild Pitch! Mike Johnson to second 2-2: Ball 3-2: Foul Ball, location: 2F 3-2: SINGLE (Groundball, 56D, EV 107.5 MPH) Mike Johnson to third
|
|
Batting: RHB Akira Kubo
|
0-0: Called Strike 0-1: Called Strike 0-2: Ball 1-2: Ball 2-2: Ball 3-2: Base on Balls Jake Bronner to second
|
|
Batting: RHB Terry Plumley
|
0-0: Foul Ball, location: 2F 0-1: Ball 1-1: Fielders Choice at 2nd, 6-4 (Groundball, 56, EV 108.8 MPH) Mike Johnson scores Jake Bronner to third
|
|
Batting: RHB John Rios
|
0-0: Ball 1-0: Ground out 1-3 (Groundball, 25, EV 61.9 MPH)
|
| Bottom of the 6th over - 1 run, 2 hits, 0 errors, 2 left on base; Burlington 2 - Bluefield 14 |
| TOP OF THE 7TH |
|
Burlington Royals batting - Pitching for Bluefield Blue Jays : RHP Gil Brady
|
|
Now in RF: Benedikt Fleischmann
|
|
|
Batting: RHB Juan Nieves
|
0-0: Ball 1-0: Swinging Strike 1-1: Foul Ball, location: 2F 1-2: Foul Ball, location: 2F 1-2: Ground out U3 (Groundball, 13, EV 78.8 MPH)
|
|
Batting: RHB David Rubio
|
0-0: Ball 1-0: Fly out, F5 (Line Drive, 5, EV 73.8 MPH)
|
|
Pinch Hitting: SHB Glenn Harrison
|
0-0: Called Strike 0-1: Ball 1-1: Foul Ball, location: 2F 1-2: Strikes out swinging
|
| Top of the 7th over - 0 runs, 0 hits, 0 errors, 0 left on base; Burlington 2 - Bluefield 14 |
| BOTTOM OF THE 7TH |
|
Bluefield Blue Jays batting - Pitching for Burlington Royals : RHP Chance Griffin
|
|
Now in CF: Glenn Harrison
|
|
|
Batting: LHB Nate Greening
|
0-0: Ball 1-0: Ball 2-0: Fly out, F8 (Flyball, 89S, EV 93.8 MPH)
|
|
Batting: LHB Lothar Middelkoop
|
0-0: Ball 1-0: Called Strike 1-1: Called Strike 1-2: Ball 2-2: Ground out 1-3 (Groundball, 13S, EV 74.4 MPH)
|
|
Batting: RHB Jorge Cruz
|
0-0: Ground out 4-3 (Groundball, 4S, EV 88.8 MPH)
|
| Bottom of the 7th over - 0 runs, 0 hits, 0 errors, 0 left on base; Burlington 2 - Bluefield 14 |
| TOP OF THE 8TH |
|
Burlington Royals batting - Pitching for Bluefield Blue Jays : RHP Gil Brady
|
|
Batting: RHB Tim Williams
|
0-0: Called Strike 0-1: Ball 1-1: Called Strike 1-2: Strikes out looking
|
|
Batting: RHB Hugo Chavez
|
0-0: Foul Ball, location: 2F 0-1: Called Strike 0-2: Ball 1-2: Foul Ball, location: 2F 1-2: Ball 2-2: Foul Ball, location: 2F 2-2: Foul Ball, location: 2F 2-2: Strikes out swinging
|
|
Batting: SHB Alex Cavazos
|
0-0: Foul Ball, location: 2F 0-1: Swinging Strike 0-2: Strikes out looking
|
| Top of the 8th over - 0 runs, 0 hits, 0 errors, 0 left on base; Burlington 2 - Bluefield 14 |
| BOTTOM OF THE 8TH |
|
Bluefield Blue Jays batting - Pitching for Burlington Royals : RHP Chance Griffin
|
|
Batting: RHB Manny Elizondo
|
0-0: Foul Ball, location: 2F 0-1: Ground out 4-3 (Groundball, 4, EV 80.6 MPH)
|
|
Pinch Hitting: RHB Carlos Bravo
|
0-0: Foul Ball, location: 2F 0-1: Ball 1-1: Called Strike 1-2: Ball 2-2: Ball 3-2: Ground out 6-3 (Groundball, 6, EV 106.2 MPH)
|
|
Pinch Hitting: RHB Mike Chamberlain
|
0-0: Ball 1-0: Ball 2-0: Called Strike 2-1: Ground out 6-3 (Groundball, 6, EV 89.4 MPH)
|
| Bottom of the 8th over - 0 runs, 0 hits, 0 errors, 0 left on base; Burlington 2 - Bluefield 14 |
| TOP OF THE 9TH |
|
Burlington Royals batting - Pitching for Bluefield Blue Jays : RHP Gil Brady
|
|
Now in LF: Carlos Bravo
|
|
|
Now in RF: Mike Chamberlain
|
|
|
Batting: LHB Jayden Pelayo
|
0-0: Fly out, F8 (Line Drive, 8LD, EV 91.9 MPH)
|
|
Batting: RHB Masakuni Takeuchi
|
0-0: Foul Ball, location: 2F 0-1: Ball 1-1: Foul Ball, location: 2F 1-2: Ground out 5-3 (Groundball, 5, EV 86.9 MPH)
|
|
Batting: RHB Jason Conner
|
0-0: Ball 1-0: Ground out 6-3 (Groundball, 6, EV 104.4 MPH)
|
| Top of the 9th over - 0 runs, 0 hits, 0 errors, 0 left on base; Burlington 2 - Bluefield 14 |
|